MLB
PITTSBURGH PIRATES @ CINCINNATI REDS
04/15/2099
 
TOP OF THE 1ST
Pittsburgh Pirates batting - Pitching for Cincinnati Reds : LHP Dusty Edwards
Pitching: LHP Dusty Edwards
Batting: RHB Carlos Flores 0-0: Swinging Strike
0-1: Ball
1-1: Called Strike
1-2: Ball
2-2: SINGLE (Groundball, 15S, EV 68.1 MPH) (infield hit)
Batting: RHB Randy Wilson 0-0: Ball
1-0: Ball
2-0: Swinging Strike
2-1: Ball
3-1: Base on Balls
Carlos Flores to second
Batting: RHB Yoelbi Eugnio 0-0: Ball
1-0: Ball
2-0: Foul Ball, location: 7LMF
2-1: Swinging Strike
2-2: Foul Ball, location: 7LMF
2-2: Ball
3-2: Strikes out swinging
Batting: RHB Zachary Gugliotta 0-0: Called Strike
0-1: Ball
1-1: Ball
2-1: Ball
3-1: Base on Balls
Carlos Flores to third
Randy Wilson to second
Batting: RHB Joey Noles 0-0: Called Strike
0-1: Swinging Strike
0-2: Strikes out swinging
Batting: SHB Nick Stiles 0-0: Called Strike
0-1: Ball
1-1: Ball
2-1: Swinging Strike
2-2: Ball
3-2: Strikes out swinging
Top of the 1st over - 0 runs, 1 hit, 0 errors, 3 left on base; Pittsburgh 0 - Cincinnati 0
BOTTOM OF THE 1ST
Cincinnati Reds batting - Pitching for Pittsburgh Pirates : RHP Russ Einhorn
Pitching: RHP Russ Einhorn
Batting: LHB Jonathan Nelson 0-0: Foul Ball, location: 7LMF
0-1: Ball
1-1: Ball
2-1: Foul Ball, location: 9LMF
2-2: Fly out, F9 (Flyball, 89M, EV 92.5 MPH)
Batting: RHB Earl Boivin 0-0: Ball
1-0: Ground out 5-3 (Groundball, 56S, EV 107.5 MPH)
Batting: LHB Steve Carbone 0-0: Ball
1-0: Ground out U3 (Groundball, 34, EV 86.3 MPH)
Bottom of the 1st over - 0 runs, 0 hits, 0 errors, 0 left on base; Pittsburgh 0 - Cincinnati 0
TOP OF THE 2ND
Pittsburgh Pirates batting - Pitching for Cincinnati Reds : LHP Dusty Edwards
Batting: RHB Alex Velazquez 0-0: Ball
1-0: Swinging Strike
1-1: Ball
2-1: Ground out U3 (Groundball, 34, EV 109.4 MPH)
Batting: RHB Chris Ward 0-0: Ball
1-0: Called Strike
1-1: Called Strike
1-2: Foul Ball, location: 2F
1-2: Ball
2-2: Ball
3-2: Strikes out swinging
Batting: RHB Verner Johannsen 0-0: Called Strike
0-1: Swinging Strike
0-2: Strikes out swinging
Top of the 2nd over - 0 runs, 0 hits, 0 errors, 0 left on base; Pittsburgh 0 - Cincinnati 0
BOTTOM OF THE 2ND
Cincinnati Reds batting - Pitching for Pittsburgh Pirates : RHP Russ Einhorn
Batting: SHB Jamie Moore 0-0: Ball
1-0: Called Strike
1-1: Foul Ball, location: 2F
1-2: Strikes out swinging
Batting: RHB Jesus Najera 0-0: Fly out, F3 (Popup, 3SF, EV 82.5 MPH)
Batting: RHB Dave Truax 0-0: Called Strike
0-1: Ground out 4-3 (Groundball, 4S, EV 83.8 MPH)
Bottom of the 2nd over - 0 runs, 0 hits, 0 errors, 0 left on base; Pittsburgh 0 - Cincinnati 0
TOP OF THE 3RD
Pittsburgh Pirates batting - Pitching for Cincinnati Reds : LHP Dusty Edwards
Batting: RHB Carlos Flores 0-0: Foul Ball, location: 3F
0-1: Ball
1-1: Foul Ball, location: 23F
1-2: Ball
2-2: Foul Ball, location: 5SF
2-2: Ball
3-2: Strikes out swinging
Batting: RHB Randy Wilson 0-0: Ball
1-0: Foul Ball, location: 9LMF
1-1: Ball
2-1: Foul Ball, location: 3FF
2-2: Foul Ball, location: 2F
2-2: Ball
3-2: Foul Ball, location: 7LMF
3-2: Ground out 6-3 (Groundball, 6M, EV 100.6 MPH)
Batting: RHB Yoelbi Eugnio 0-0: SINGLE (Groundball, 34D, EV 104.4 MPH)
Batting: RHB Zachary Gugliotta 0-0: Called Strike
0-1: Ball
1-1: Ball
2-1: Foul Ball, location: 9LMF
2-2: Ball
3-2: Base on Balls
Yoelbi Eugnio to second
Batting: RHB Joey Noles 0-0: SINGLE (Line Drive, 56D, EV 105.6 MPH)
Yoelbi Eugnio to third
Zachary Gugliotta to second
Runner from 3rd tries for Home, SAFE, throw by LF to home
Zachary Gugliotta to third
Joey Noles to second
Batting: SHB Nick Stiles 0-0: Called Strike
0-1: SINGLE (Groundball, 5D, EV 104.4 MPH)
Zachary Gugliotta scores
Joey Noles to third
Runner from 3rd tries for Home, SAFE, throw by LF to home
Batting: RHB Alex Velazquez 0-0: Called Strike
0-1: Ball
1-1: Swinging Strike
1-2: Strikes out swinging
Top of the 3rd over - 3 runs, 3 hits, 0 errors, 1 left on base; Pittsburgh 3 - Cincinnati 0
BOTTOM OF THE 3RD
Cincinnati Reds batting - Pitching for Pittsburgh Pirates : RHP Russ Einhorn
Batting: RHB Erik Schmidt 0-0: Ball
1-0: Called Strike
1-1: Fly out, F7 (Flyball, 7, EV 86.3 MPH)
Batting: RHB Tim Mercer 0-0: Ball
1-0: Ball
2-0: Ground out 5-3 (Groundball, 5, EV 79.4 MPH)
Batting: RHB Alfonso Tejeda 0-0: Ball
1-0: Foul Ball, location: 2F
1-1: Foul Ball, location: 9LDF
1-2: Ball
2-2: Ball
3-2: Base on Balls
Batting: LHB Jonathan Nelson 0-0: Swinging Strike
0-1: Ball
1-1: Swinging Strike
1-2: Strikes out swinging
Bottom of the 3rd over - 0 runs, 0 hits, 0 errors, 1 left on base; Pittsburgh 3 - Cincinnati 0
TOP OF THE 4TH
Pittsburgh Pirates batting - Pitching for Cincinnati Reds : LHP Dusty Edwards
Batting: RHB Chris Ward 0-0: Ball
1-0: Called Strike
1-1: Ball
2-1: Called Strike
2-2: Foul Ball, location: 25FF
2-2: Strikes out swinging
Pitching: LHP Steve Thornton
Batting: RHB Verner Johannsen 0-0: Ball
1-0: Ball
2-0: Swinging Strike
2-1: Foul Ball, location: 3DF
2-2: Foul Ball, location: 2F
2-2: Foul Ball, location: 9LSF
2-2: Foul Ball, location: 3F
2-2: Strikes out swinging
Batting: RHB Carlos Flores 0-0: Ball
1-0: Foul Ball, location: 2F
1-1: Ball
2-1: Ground out 1-3 (Groundball, 13S, EV 74.4 MPH)
Top of the 4th over - 0 runs, 0 hits, 0 errors, 0 left on base; Pittsburgh 3 - Cincinnati 0
BOTTOM OF THE 4TH
Cincinnati Reds batting - Pitching for Pittsburgh Pirates : RHP Russ Einhorn
Batting: RHB Earl Boivin 0-0: Ground out 4-3 (Groundball, 4, EV 104.4 MPH)
Batting: LHB Steve Carbone 0-0: Fly out, F8 (Flyball, 8RXD, EV 111.9 MPH)
Batting: SHB Jamie Moore 0-0: Ball
1-0: Fly out, F7 (Line Drive, 78M, EV 93.8 MPH)
Bottom of the 4th over - 0 runs, 0 hits, 0 errors, 0 left on base; Pittsburgh 3 - Cincinnati 0
TOP OF THE 5TH
Pittsburgh Pirates batting - Pitching for Cincinnati Reds : LHP Steve Thornton
Batting: RHB Randy Wilson 0-0: Ball
1-0: Ball
2-0: Called Strike
2-1: Called Strike
2-2: Foul Ball, location: 9LDF
2-2: Foul Ball, location: 2F
2-2: Ground out 6-3 (Groundball, 56, EV 88.1 MPH)
Batting: RHB Yoelbi Eugnio 0-0: Called Strike
0-1: Ball
1-1: Ball
2-1: Foul Ball, location: 9LDF
2-2: Foul Ball, location: 2F
2-2: Strikes out swinging
Batting: RHB Zachary Gugliotta 0-0: Ball
1-0: Called Strike
1-1: Ball
2-1: Called Strike
2-2: Reached on error, E6 (Popup, 4M, EV 67.5 MPH)
Batting: RHB Joey Noles 0-0: Foul Ball, location: 5F
0-1: Swinging Strike
0-2: Fly out, F7 (Line Drive, 7D, EV 86.9 MPH)
Top of the 5th over - 0 runs, 0 hits, 1 error, 1 left on base; Pittsburgh 3 - Cincinnati 0
BOTTOM OF THE 5TH
Cincinnati Reds batting - Pitching for Pittsburgh Pirates : RHP Russ Einhorn
Batting: RHB Jesus Najera 0-0: TRIPLE (Flyball, 89XD, EV 95.0 MPH)
Batting: RHB Dave Truax 0-0: Fly out, F7 (Line Drive, 7LS, EV 106.3 MPH)
Runner from 3rd tags up, SCORES, throw by LF
Batting: RHB Erik Schmidt 0-0: Called Strike
0-1: Called Strike
0-2: Ball
1-2: Ball
2-2: Strikes out swinging
Batting: RHB Tim Mercer 0-0: Ball
1-0: Ball
2-0: Ball
3-0: Called Strike
3-1: Base on Balls
Batting: RHB Alfonso Tejeda 0-0: Called Strike
0-1: Ball
1-1: Called Strike
1-2: Foul Ball, location: 23F
1-2: Ball
2-2: Ground out 6-3 (Groundball, P, EV 85.6 MPH)
Bottom of the 5th over - 1 run, 1 hit, 0 errors, 1 left on base; Pittsburgh 3 - Cincinnati 1
TOP OF THE 6TH
Pittsburgh Pirates batting - Pitching for Cincinnati Reds : LHP Steve Thornton
Pitching: RHP Israel Castillo
Batting: SHB Nick Stiles 0-0: Ground out 5-3 (Groundball, 15, EV 82.5 MPH)
Batting: RHB Alex Velazquez 0-0: Called Strike
0-1: Ball
1-1: Ball
2-1: Swinging Strike
2-2: Fly out, F9 (Flyball, 89S, EV 85.0 MPH)
Batting: RHB Chris Ward 0-0: Foul Ball, location: 25FF
0-1: Fly out, F9 (Flyball, 89M, EV 95.6 MPH)
Top of the 6th over - 0 runs, 0 hits, 0 errors, 0 left on base; Pittsburgh 3 - Cincinnati 1
BOTTOM OF THE 6TH
Cincinnati Reds batting - Pitching for Pittsburgh Pirates : RHP Russ Einhorn
Batting: LHB Jonathan Nelson 0-0: Foul Ball, location: 2F
0-1: Foul Ball, location: 25F
0-2: Strikes out swinging
Batting: RHB Earl Boivin 0-0: Fly out, F8 (Flyball, 8LM, EV 86.9 MPH)
Batting: LHB Steve Carbone 0-0: Called Strike
0-1: Ball
1-1: Ball
2-1: Ball
3-1: Base on Balls
Batting: SHB Jamie Moore 0-0: Ground out 4-3 (Groundball, 4, EV 93.1 MPH)
Bottom of the 6th over - 0 runs, 0 hits, 0 errors, 1 left on base; Pittsburgh 3 - Cincinnati 1
TOP OF THE 7TH
Pittsburgh Pirates batting - Pitching for Cincinnati Reds : RHP Israel Castillo
Batting: RHB Verner Johannsen 0-0: Ball
1-0: Called Strike
1-1: Ball
2-1: Foul Ball, location: 2F
2-2: Ground out 4-3 (Groundball, 4M, EV 76.9 MPH)
Batting: RHB Carlos Flores 0-0: Called Strike
0-1: Ball
1-1: Foul Ball, location: 9LDF
1-2: Fly out, F9 (Flyball, 8RS, EV 96.9 MPH)
Batting: RHB Randy Wilson 0-0: Foul Ball, location: 7LSF
0-1: SINGLE (Line Drive, 7LS, EV 104.4 MPH)
Batting: RHB Yoelbi Eugnio 0-0: Ball
1-0: Foul Ball, location: 2F
1-1: Ball
2-1: Ball
3-1: Called Strike
3-2: Ground out 5-3 (Groundball, 56, EV 81.9 MPH)
Top of the 7th over - 0 runs, 1 hit, 0 errors, 1 left on base; Pittsburgh 3 - Cincinnati 1
BOTTOM OF THE 7TH
Cincinnati Reds batting - Pitching for Pittsburgh Pirates : RHP Russ Einhorn
Batting: RHB Jesus Najera 0-0: Ball
1-0: Called Strike
1-1: Ball
2-1: Foul Ball, location: 23FF
2-2: Foul Ball, location: 3F
2-2: Foul Ball, location: 9LMF
2-2: Foul Ball, location: 23F
2-2: Ball
3-2: Strikes out looking
Batting: RHB Dave Truax 0-0: Ground out 6-3 (Groundball, 6, EV 66.3 MPH)
Batting: RHB Erik Schmidt 0-0: Ball
1-0: Ground out 4-3 (Groundball, 4M, EV 89.4 MPH)
Bottom of the 7th over - 0 runs, 0 hits, 0 errors, 0 left on base; Pittsburgh 3 - Cincinnati 1
TOP OF THE 8TH
Pittsburgh Pirates batting - Pitching for Cincinnati Reds : RHP Israel Castillo
Pitching: RHP Juan Melendez
Batting: RHB Zachary Gugliotta 0-0: Ball
1-0: Fly out, F6 (Popup, 56D, EV 58.8 MPH)
Batting: RHB Joey Noles 0-0: Foul Ball, location: 5DF
0-1: Ball
1-1: SINGLE (Line Drive, 4MD, EV 95.6 MPH)
Batting: SHB Nick Stiles 0-0: Foul Ball, location: 2F
0-1: Swinging Strike
0-2: Foul Ball, location: 25F
0-2: Ball
1-2: SINGLE (Line Drive, 89M, EV 99.4 MPH)
Joey Noles to second
Batting: RHB Alex Velazquez 0-0: Ball
1-0: Ball
2-0: Ball
3-0: Called Strike
3-1: Fly out, F8 (Line Drive, 8LD, EV 92.5 MPH)
Batting: RHB Chris Ward 0-0: Ball
1-0: Fly out, F9 (Flyball, 9, EV 84.4 MPH)
Top of the 8th over - 0 runs, 2 hits, 0 errors, 2 left on base; Pittsburgh 3 - Cincinnati 1
BOTTOM OF THE 8TH
Cincinnati Reds batting - Pitching for Pittsburgh Pirates : RHP Russ Einhorn
Batting: RHB Tim Mercer 0-0: Ball
1-0: Ground out 6-3 (Groundball, 6, EV 89.4 MPH)
Batting: RHB Alfonso Tejeda 0-0: Called Strike
0-1: Foul Ball, location: 5F
0-2: Fly out, F8 (Flyball, 8LD, EV 111.3 MPH)
Batting: LHB Jonathan Nelson 0-0: Called Strike
0-1: Fly out, F3 (Line Drive, 3L, EV 71.3 MPH)
Bottom of the 8th over - 0 runs, 0 hits, 0 errors, 0 left on base; Pittsburgh 3 - Cincinnati 1
TOP OF THE 9TH
Pittsburgh Pirates batting - Pitching for Cincinnati Reds : RHP Juan Melendez
Batting: RHB Verner Johannsen 0-0: Ball
1-0: Swinging Strike
1-1: Ball
2-1: Fly out, F4 (Popup, 34S, EV 72.5 MPH)
Batting: RHB Carlos Flores 0-0: Ball
1-0: Called Strike
1-1: Ball
2-1: SOLO HOME RUN (Flyball, 78XD, EV 110.6 MPH), Distance : 423 ft
Batting: RHB Randy Wilson 0-0: Called Strike
0-1: Ground out 2-3 (Groundball, 2R, EV 65.0 MPH)
Batting: RHB Yoelbi Eugnio 0-0: Ball
1-0: Swinging Strike
1-1: Ball
2-1: Called Strike
2-2: Foul Ball, location: 9LDF
2-2: Strikes out swinging
Top of the 9th over - 1 run, 1 hit, 0 errors, 0 left on base; Pittsburgh 4 - Cincinnati 1
BOTTOM OF THE 9TH
Cincinnati Reds batting - Pitching for Pittsburgh Pirates : RHP Russ Einhorn
Batting: RHB Earl Boivin 0-0: Ball
1-0: Swinging Strike
1-1: Ball
2-1: Called Strike
2-2: Strikes out swinging
Pitching: RHP Emilio Rios
Batting: LHB Steve Carbone 0-0: Foul Ball, location: 5F
0-1: Swinging Strike
0-2: Ball
1-2: Ball
2-2: Foul Ball, location: 7LDF
2-2: Ball
3-2: Strikes out swinging
Batting: SHB Jamie Moore 0-0: Ball
1-0: Fly out, F8 (Line Drive, 8RD, EV 92.5 MPH)
Bottom of the 9th over - 0 runs, 0 hits, 0 errors, 0 left on base; Pittsburgh 4 - Cincinnati 1
Friday, May 3rd , 2024 - OOTP Baseball 24.11 Build 85